AoeStats
← SNOWMAN

Arabia

510591111Analyzed
1v1 RM · 8h ago on Oct 1, 2026· 29m 50s· 2 players
Game mode
Random Map
Map size
Tiny (2 player)
Population
200
Speed
Normal
Resources
Standard
Victory
Conquest
Starting age
Dark Age
Ending age
Imperial Age
RankedLock teamsTeams togetherTeam positionsShared explorationLock speedFull tech treeHidden civsTurbo modeCheats
Victory
Defeat
🇮🇹 Poles · Italy
1292
+14
🇩🇪 Byzantines · Germany
1247
-14
omnomhailz
8:08 Loom
13:52 Feudal Age
15:46 Fletching
18:27 Castle Age
18:14 Padded Archer Armor
18:56 Scale Barding Armor
18:55 Double-Bit Axe
27:17 Fletching
SNOWMAN
7:27 Loom
10:09 Feudal Age
11:22 Double-Bit Axe
13:54 Fletching
15:30 Padded Archer Armor
18:22 Scale Barding Armor
20:24 Castle Age
18:47 Gold Mining
20:49 Crossbowman
21:51 Bow Saw
21:22 Horse Collar
21:47 Bodkin Arrow
24:49 Husbandry
26:22 Scale Barding Armor
27:57 Bloodlines
Connection lost

Rejoining the realm…

Still unreachable

The connection could not be restored.

Session expired

The server has moved on; the page needs a fresh start.